AoeStats
← Arctic Empire

Arena

509742100Analyzed
4v4 RM · 6d ago on Sep 27, 2026· 51m 19s· 8 players
Game mode
Random Map
Map size
Large (8 player)
Population
200
Speed
Normal
Resources
Standard
Victory
Conquest
Starting age
Dark Age
Ending age
Imperial Age
RankedLock teamsTeams togetherTeam positionsShared explorationLock speedFull tech treeHidden civsTurbo modeCheats
Victory
Defeat
🇬🇧 Saxons · United Kingdom
1369
+13
🇧🇷 Britons · Brazil
1366
+13
🇦🇷 Bohemians · Argentina
1337
+15
🇨🇱 Celts · Chile
1297
+16
🇦🇷 Italians · Argentina
1435
-19
🇲🇽 Poles · Mexico
1378
-16
🇪🇸 Japanese · Spain
1324
-15
1087
-7
Pablo0192
9:55 Feudal Age
14:13 Castle Age
12:30 Double-Bit Axe
15:19 Bow Saw
16:22 Fervor
19:13 Sanctity
19:25 Loom
23:48 Wheelbarrow
25:33 Hand Cart
25:29 Horse Collar
29:05 Imperial Age
28:37 Chemistry
28:02 Heavy Plow
29:36 Town Watch
29:59 Hussite Reforms
29:50 Houfnice
31:21 Theocracy
31:12 Illumination
31:02 Block Printing
31:17 Redemption
36:10 Fletching
37:05 Bodkin Arrow
37:32 Ballistics
37:18 Siege Engineers
38:59 Bracer
38:59 Padded Archer Armor
39:15 Masonry
46:19 Elite Skirmisher
Karzul
10:37 Feudal Age
14:50 Castle Age
13:10 Double-Bit Axe
14:06 Horse Collar
16:00 Bow Saw
15:49 Loom
22:56 Wheelbarrow
24:02 Gold Mining
24:59 Hand Cart
28:10 Imperial Age
26:19 Ballistics
25:50 Fletching
26:01 Padded Archer Armor
26:10 Town Watch
26:46 Hand Cart
26:37 Bodkin Arrow
30:26 Fortified Wall
30:46 Crossbowman
32:11 Conscription
35:10 Fortified Wall
35:33 Heavy Plow
36:20 Bracer
37:21 Chemistry
36:34 Elite Skirmisher
36:37 Arbalester
38:05 Elite Skirmisher
39:00 Masonry
42:19 Leather Archer Armor
44:20 Ring Archer Armor
43:44 Guard Tower
43:40 Arrowslits
44:17 Yeomen
46:34 Guilds
48:35 Two-Man Saw
48:21 Warwolf
49:03 Hoardings
47:50 Elite Longbowman
51:54 Clinker Construction
52:15 Architecture
Sunbather
11:26 Feudal Age
11:30 Feudal Age
13:14 Horse Collar
13:27 Double-Bit Axe
16:02 Castle Age
17:18 Bow Saw
17:09 Heavy Plow
18:09 Wheelbarrow
18:20 Loom
20:48 Town Watch
22:37 Gold Mining
22:44 Stone Mining
23:28 Scale Mail Armor
23:35 Squires
24:16 Forging
25:58 Chain Mail Armor
29:14 Imperial Age
27:33 Iron Casting
26:59 Treadmill Crane
27:29 Arson
28:37 Hand Cart
30:02 Gold Shaft Mining
29:29 Shield Wall
31:27 Two-Man Saw
30:58 Crop Rotation
31:12 Town Patrol
31:50 Plate Mail Armor
32:25 Conscription
32:54 Fletching
33:26 Ballistics
34:06 Chemistry
33:15 Elite Hearth Troop
33:56 Bodkin Arrow
34:02 Padded Archer Armor
34:10 Elite Varangian Guard
35:16 Bracer
36:17 Leather Archer Armor
38:06 Hoardings
40:30 Ring Archer Armor
40:06 Scale Barding Armor
40:14 Masonry
40:00 Murder Holes
40:11 Siege Engineers
42:24 Onager
43:38 Architecture
50:48 Chain Barding Armor
51:18 Bloodlines
51:09 Husbandry
51:18 Light Cavalry
VaaN.
10:34 Feudal Age
14:27 Castle Age
12:23 Double-Bit Axe
15:50 Wheelbarrow
15:29 Bow Saw
20:29 Stone Mining
22:58 Gold Mining
25:16 Hand Cart
25:59 Gold Shaft Mining
29:44 Imperial Age
28:09 Scale Mail Armor
28:20 Forging
27:39 Pikeman
29:55 Chain Mail Armor
29:57 Halberdier
30:34 Stronghold
31:16 Plate Mail Armor
34:00 Man-at-Arms
36:27 Heavy Scorpion
38:32 Long Swordsman
38:58 Gambesons
39:51 Iron Casting
39:26 Two-Handed Swordsman
40:55 Champion
42:03 Furor Celtica
42:14 Conscription
43:04 Onager
44:12 Siege Onager
45:04 Siege Engineers
46:46 Caravan
Arctic Empire
0:27 Loom
11:28 Feudal Age
16:03 Castle Age
14:52 Double-Bit Axe
14:50 Horse Collar
17:24 Heavy Plow
20:49 Scale Mail Armor
21:32 Squires
22:10 Arson
27:04 Wheelbarrow
26:45 Forging
27:38 Chain Mail Armor
30:16 Bow Saw
30:57 Town Watch
31:27 Hand Cart
31:57 Iron Casting
34:37 Pikeman
39:22 Imperial Age
37:41 Gambesons
40:30 Conscription
40:14 Gold Mining
41:02 Plate Mail Armor
41:48 Two-Man Saw
42:32 Blast Furnace
46:20 Halberdier
48:54 Devotion
51:01 Town Patrol
50:58 Fletching
51:08 Padded Archer Armor
FlashKiller
10:38 Feudal Age
8:53 Loom
15:01 Castle Age
13:31 Double-Bit Axe
13:32 Horse Collar
15:32 Wheelbarrow
16:13 Bow Saw
24:55 Forging
26:15 Gold Mining
26:32 Fletching
27:46 Heavy Plow
30:57 Imperial Age
29:40 Hand Cart
30:08 Iron Casting
29:34 Scale Mail Armor
31:16 Onager
34:52 Chain Mail Armor
35:55 Squires
35:41 Arson
36:59 Blast Furnace
36:30 Plate Mail Armor
44:02 Chemistry
Blas de lezo
11:08 Feudal Age
12:21 Double-Bit Axe
14:39 Castle Age
15:36 Bow Saw
17:57 Silk Road
19:43 Horse Collar
24:21 Caravan
29:59 Imperial Age
28:50 Wheelbarrow
31:51 Chemistry
31:11 Padded Archer Armor
32:27 Treadmill Crane
33:10 Conscription
33:01 Pirotechnia
33:12 Leather Archer Armor
34:02 Fletching
34:42 Ring Archer Armor
36:49 Squires
36:36 Arson
37:01 Scale Barding Armor
39:26 Scale Mail Armor
42:04 Chain Mail Armor
45:54 Heavy Plow
Estoy como loquita
10:51 Feudal Age
15:45 Castle Age
15:30 Double-Bit Axe
18:30 Horse Collar
19:00 Loom
19:47 Bow Saw
19:40 Heavy Plow
23:39 Gold Mining
24:03 Town Watch
30:02 Imperial Age
28:42 Town Patrol
29:17 Wheelbarrow
30:09 Stone Mining
30:51 Forging
30:41 Scale Mail Armor
30:37 Pikeman
30:38 Man-at-Arms
31:06 Gambesons
31:22 Squires
31:16 Arson
31:14 Pikeman
32:33 Iron Casting
32:04 Long Swordsman
32:04 Halberdier
33:21 Hand Cart
33:08 Two-Handed Swordsman
35:04 Blast Furnace
34:19 Chain Mail Armor
34:32 Onager
34:41 Champion
37:23 Wootz Steel
37:24 Conscription
37:48 Plate Mail Armor
37:05 Champion
37:35 Siege Onager
41:10 Hoardings
41:59 Ballistics
42:40 Chemistry
41:35 Fletching
42:57 Bodkin Arrow
43:02 Padded Archer Armor
43:40 Thumb Ring
45:02 Fortified Wall
47:10 Elite Elephant Archer
48:53 Thumb Ring
Connection lost

Rejoining the realm…

Still unreachable

The connection could not be restored.

Session expired

The server has moved on; the page needs a fresh start.